 Dungeon Crawl Stone Soup version 0.26-a0-540-g8a0c9464d7 (webtiles) character file.

Game seed: 6021848532942233621

7343 kae the Grappler (level 10, -5/71 HPs)
             Began as a Green Draconian Transmuter on Aug 20, 2020.
             Was a Priest of Wu Jian.
             Shot with an arrow by a centaur (10 damage)
             ... on level 11 of the Dungeon.
             The game lasted 00:11:08 (14333 turns).

kae the Grappler (Green Draconian Transmuter)      Turns: 14333, Time: 00:11:09

Health: -5/71      AC: 11    Str: 16    XL:     10   Next: 91%
Magic:  9/13       EV: 12    Int: 19    God:    Wu Jian [***...]
Gold:   620        SH:  0    Dex: 12    Spells: 2/13 levels left

rFire    . . .     SeeInvis .     - Unarmed
rCold    . . .     Faith    .   (shield currently unavailable)
rNeg     . . .     Spirit   .   (armour unavailable)
rPois    +         Reflect  .   (helmet restricted)
rElec    .         Harm     .   w - scarf {+Inv}
rCorr    .                      (gloves currently unavailable)
MR       .....                  (no boots)
Stlth    +.........             (no amulet)
HPRegen  0.21/turn              c - +6 ring of intelligence
MPRegen  0.13/turn              A - +4 ring of protection

@: blade hands, slowed, very slow
A: breathe noxious fumes, unfitting armour, poison resistance, cold-blooded, AC
+7
a: Breathe Noxious Fumes, End Transformation, Wall Jump, Serpent's Lash,
Renounce Religion, Evoke Invisibility


You were on level 11 of the Dungeon.
You worshipped Wu Jian.
Wu Jian was most pleased with you.
You had blades for hands.
You visited 1 branch of the dungeon, and saw 11 of its levels.

You collected 656 gold pieces.
You spent 36 gold pieces at shops.

Inventory:

Hand Weapons
 d - a +0 whip
Armour
 w - a scarf of invisibility (worn)
Jewellery
 c - a +6 ring of intelligence (left scythe-like blade)
 g - an uncursed amulet of regeneration
 n - an uncursed ring of ice {unknown}
 o - an uncursed ring of see invisible
 A - a +4 ring of protection (right scythe-like blade)
 B - an uncursed amulet of faith
Wands
 q - a wand of acid (8)
 s - a wand of random effects (11)
 x - a wand of disintegration (16)
Scrolls
 a - a scroll of random uselessness
 i - 5 scrolls of enchant armour
 k - a scroll of immolation
 p - 10 scrolls of remove curse
 t - a scroll of fog
 u - a scroll of blinking
 y - a scroll of amnesia
 C - 2 scrolls of magic mapping
 D - 3 scrolls of identify
Potions
 b - a potion of cancellation
 e - 2 potions of haste
 f - 5 potions of stabbing
 h - 3 potions of degeneration
 j - a potion of magic
 l - 2 potions of flight {unknown}
 m - 2 potions of curing
 r - a potion of invisibility {unknown}
 v - a potion of might
 z - 4 potions of brilliance
 E - a potion of resistance {unknown}
 F - a potion of ambrosia {unknown}
 G - a potion of lignification


   Skills:
 - Level 1.1 Fighting
 - Level 1.7 Dodging
 * Level 13.5 Unarmed Combat
 - Level 2.0 Spellcasting
 + Level 10.0 Transmutations


You had 2 spell levels left.
You knew the following spells:

 Your Spells              Type           Power        Failure   Level
a - Beastly Appendage     Tmut           #####.       10%         1
b - Wereblood             Tmut           #####...     11%         2
c - Spider Form           Tmut/Pois      ###.......   36%         3
d - Blade Hands           Tmut           #####.....   41%         5

Your spell library contained the following spells:

 Spells                   Type           Power        Failure   Level
 Magic Dart               Conj           #...         58%         1
 Blink                    Tloc           N/A          69%         2
 Call Imp                 Summ           #.......     69%         2
 Slow                     Hex            #.......     69%         2
 Ice Form                 Ice/Tmut       ###.....     65%         4
 Conjure Flame            Conj/Fire      #.......     85%         3
 Mephitic Cloud           Conj/Pois/Air  #.......     85%         3


Dungeon Overview and Level Annotations

Branches:
Dungeon (11/15)            Temple (0/1) D:4
   Lair: D:8-11         Orc: D:9-12

Altars:
Cheibriados
Dithmenos
Okawaru
Qazlal
Ru
Sif Muna
Trog
Wu Jian
The Shining One

Shops:
D:4 }   D:6 :   D:10 *

Portals:
Abyss: D:7

Annotations:
D:3 2 transporters
D:4 1 runed translucent door, TrebMcFLY's ghost, amateur FoFi
D:5 1 runed translucent door, jt's ghost, weakling PaDe
D:7 2 transporters, HammerPanzer's ghost, novice DsBe


Innate Abilities, Weirdness & Mutations

You can breathe blasts of noxious fumes.
Your lurid green scales are hard. (AC +7)
You cannot fit into any form of body armour.
Your system is resistant to poisons. (rPois)
You are cold-blooded and may be slowed by cold attacks.


Message History

You lunge at the centaur, in a flurry of attacks.
You shred the centaur!!!
You kill the centaur!
The Council accepts your kill.
Your Transmutations skill increases to level 10!
You spin and attack the centaur.
You hit the centaur.
The centaur is moderately wounded.
The centaur shoots an arrow.
The arrow closely misses you.
The arrow barely misses the centaur.
The centaur shoots an arrow.
The arrow hits you!
* * * LOW HITPOINT WARNING * * *
The centaur closely misses you.
The centaur shoots an arrow.
The arrow hits you!
* * * LOW HITPOINT WARNING * * *
The centaur shoots an arrow.
The arrow hits you but does no damage.
The centaur shoots an arrow.
The arrow hits you but does no damage. The centaur misses you.
The centaur shoots an arrow.
The arrow hits you.
* * * LOW HITPOINT WARNING * * *
The centaur shoots an arrow.
The arrow hits you!
You die...

#.........## #.......#
#..........####.......#
#......(...#..........#
#.....................#
#.......(..#...#......#
#.....................#
#...(((....#.....####...
.......((..c....## ..#.
###...c@##......##..#
#.....)....c......#
..........(......###
..........cc.....#
#............$.....
#..........(.....##.
#................# #
#............./..#
..............#


You could see 5 centaurs.

Vanquished Creatures
  Josephine (D:10)
  A two-headed ogre (D:10)
  Pikel (D:9)
  A cyclops (D:11)
  A hippogriff (D:11)
  4 wraiths
  2 water moccasins
  3 sky beasts
  5 orc warriors
  An ice beast (D:11)
  A phantom (D:7)
  6 ogres
  4 centaurs
  A lemure (D:9)
  6 bullfrogs
  17 wights
  2 bullfrog zombies
  7 hounds
  6 orc priests
  An iguana (D:4)
  13 orc wizards
  4 worker ants
  A hound skeleton (D:11)
  A worker ant zombie (D:7)
  Robin (D:4)
  6 gnolls
  11 adders
  2 shadow imps
  3 white imps
  An ufetubus (D:9)
  2 oozes
  An adder zombie (D:8)
  4 dart slugs
  10 leopard geckos
  36 orcs
  3 ball pythons
  8 giant cockroaches
  17 goblins
  11 hobgoblins
  6 jackals
  12 kobolds
  3 quokkas
  8 bats
  4 frilled lizards
  A jackal skeleton (D:4)
  A jackal zombie (D:6)
  A leopard gecko skeleton (D:4)
  A quokka skeleton (D:5)
  4 rats
247 creatures vanquished.

Vanquished Creatures (others)
  A crocodile (D:10)
1 creature vanquished.

Grand Total: 248 creatures vanquished

Notes
Turn   | Place    | Note
-------+----------+-------------------------------------------
     0 | D:1      | kae the Draconian Transmuter began the quest for the Orb.
     0 | D:1      | Reached XP level 1. HP: 16/16 MP: 3/3
    83 | D:1      | Reached XP level 2. HP: 11/23 MP: 5/5
   416 | D:1      | Reached XP level 3. HP: 28/28 MP: 6/6
   444 | D:1      | Learned a level 2 spell: Wereblood
   448 | D:1      | Learned a level 3 spell: Spider Form
   517 | D:1      | Reached skill level 4 in Unarmed Combat
  1397 | D:2      | Reached XP level 4. HP: 35/35 MP: 5/7
  1550 | D:2      | Found a faded altar of an unknown god.
  2691 | D:3      | Reached skill level 5 in Unarmed Combat
  2691 | D:3      | Reached XP level 5. HP: 33/40 MP: 6/8
  2951 | D:3      | Found a transporter.
  2983 | D:3      | Found a transporter.
  3067 | D:3      | Found an ornate altar of the Wu Jian Council.
  3087 | D:3      | Became a worshipper of the Wu Jian Council
  3856 | D:4      | Found Zete's Gadget Shop.
  3954 | D:4      | Found a runed translucent door.
  3959 | D:4      | Noticed TrebMcFLY's ghost (amateur FoFi)
  3983 | D:4      | You fall into a shaft and drop 2 floors!
  4316 | D:6      | Noticed an ogre
  4337 | D:6      | Killed an ogre
  4337 | D:6      | Reached skill level 6 in Unarmed Combat
  4337 | D:6      | Reached XP level 6. HP: 14/47 MP: 7/9
  4684 | D:6      | Found a shimmering blue altar of Sif Muna.
  4703 | D:6      | Found Ditaf's Book Boutique.
  5277 | D:5      | Entered Level 5 of the Dungeon
  5297 | D:5      | Found a glowing golden altar of the Shining One.
  5513 | D:5      | Noticed a sky beast
  5527 | D:5      | Your scales start taking on a lurid green colour.
  5527 | D:5      | Reached XP level 7. HP: 49/52 MP: 6/10
  5527 | D:5      | Gained mutation: Your system is resistant to poisons.
                  | (rPois) [Green Draconian growth]
  5530 | D:5      | Reached skill level 7 in Unarmed Combat
  5534 | D:5      | Reached skill level 5 in Transmutations
  5823 | D:5      | Found a stormy altar of Qazlal.
  6122 | D:5      | Found a runed translucent door.
  6122 | D:5      | Noticed jt's ghost (weakling PaDe)
  6169 | D:5      | Reached * piety under Wu Jian
  6701 | D:4      | Noticed Robin
  6721 | D:4      | Reached skill level 8 in Unarmed Combat
  6766 | D:4      | Killed Robin
  6983 | D:4      | Reached XP level 8. HP: 55/59 MP: 4/11
  7047 | D:4      | Found a staircase to the Ecumenical Temple.
  7633 | D:7      | Reached ** piety under Wu Jian
  7672 | D:7      | Reached skill level 9 in Unarmed Combat
  7885 | D:7      | Found a transporter.
  8152 | D:7      | Noticed a green ugly thing
  8155 | D:7      | Noticed a small abomination
  8164 | D:7      | Found a one-way gate to the infinite horrors of the Abyss.
  8164 | D:7      | Noticed HammerPanzer's ghost (novice DsBe)
  8167 | D:7      | Found a transporter.
  8769 | D:7      | Reached skill level 10 in Unarmed Combat
  9032 | D:7      | Reached XP level 9. HP: 36/64 MP: 12/12
  9179 | D:7      | Learned a level 5 spell: Blade Hands
  9372 | D:8      | Found a sacrificial altar of Ru.
  9434 | D:8      | Found a bloodstained altar of Trog.
  9437 | D:8      | Found a shadowy altar of Dithmenos.
  9447 | D:8      | Found an iron altar of Okawaru.
  9572 | D:8      | HP: 1/64 [orc warrior/+0 mace (4)]
  9886 | D:8      | Found a snail-covered altar of Cheibriados.
 10424 | D:9      | Reached skill level 11 in Unarmed Combat
 10825 | D:9      | Noticed Pikel
 10834 | D:9      | Reached *** piety under Wu Jian
 10847 | D:9      | Killed Pikel
 11621 | D:10     | Entered Level 10 of the Dungeon
 11768 | D:10     | Reached skill level 12 in Unarmed Combat
 11768 | D:10     | Reached XP level 10. HP: 40/71 MP: 13/13
 12012 | D:10     | Noticed Josephine
 12440 | D:10     | Noticed a two-headed ogre
 12460 | D:10     | Killed a two-headed ogre
 12724 | D:10     | Found Vevit's General Store.
 12732 | D:10     | Bought a potion of lignification for 36 gold pieces
 13929 | D:10     | Killed Josephine
 13929 | D:10     | Reached skill level 13 in Unarmed Combat
 14090 | D:11     | Noticed a cyclops
 14099 | D:11     | Killed a cyclops
 14333 | D:11     | Reached skill level 10 in Transmutations
 14333 | D:11     | Shot with an arrow by a centaur

Illustrated notes

Levels and vault maps discovered:
D:1:      evilmike_arrival_home_sweet_home, layout_rooms
D:2:      layout_loops_corners, chequers_ecumenical_altar_simple
D:3:      gammafunk_wand_slinger, layout_basic, overflow_temple_1_default,
          kennysheep_minor_cross, hex_intersection, mrwooster_statue_mirror
D:4:      layout_rooms, minmay_temple_entry_from_below_a, serial_shops, shop,
          ebering_ghost_reflecting_pool, kennysheep_generic_room_16, uniq_robin
D:5:      layout_loops_ring, tso_metal_star, ebering_ghost_inner_flame,
          lemuel_altar_in_water
D:6:      layout_basic, lemuel_blue_sif_altar, serial_shops,
          nicolae_shop_waterfront, hangedman_decor_clover_reticule
D:7:      layout_loops_cross, gammafunk_ghost_abyssal_escape
D:8:      layout_rooms, lemuel_crystal_altar, grunt_temple_overflow_cloverleaf
D:9:      layout_layer_cave, uniq_pikel
D:10:     layout_cross, serial_shops, shop, uniq_josephine
D:11:     layout_rooms, david_lair_generic, portal_ice_cave_demonic_guard,
          fedhas_altar_decomposition

Skill      XL: |  1  2  3  4  5  6  7  8  9 10 |
---------------+-------------------------------+-----
Unarmed Combat | 4 5 6 8 10 12 13 | 13.5
Transmutations | 3 4 5 7 8 10 | 10.0
Fighting       | |  1.1
Dodging        | |  1.7
Spellcasting   | |  2.0

Action                   |  1- 3 |  4- 6 |  7- 9 | 10-12 || total
-------------------------+-------+-------+-------+-------++-------
Melee: Unarmed           |    81 |    36 |   323 |   126 ||   566
       Tailslap          |    11 |    19 |    21 |    16 ||    67
       Kick              |     8 |    31 |    24 |     2 ||    65
       Headbutt          |     3 |    13 |    18 |     2 ||    36
       Whip              |    13 |   210 |    94 |       ||   317
       Punch             |       |     4 |     8 |     9 ||    21
 Cast: Beastly Appendage |    19 |    32 |    15 |     3 ||    69
       Spider Form       |     1 |     6 |    22 |       ||    29
       Wereblood         |       |     1 |     1 |       ||     2
       Blade Hands       |       |       |     1 |     7 ||     8
Invok: Lunge             |       |     6 |    19 |    13 ||    38
       Whirlwind         |       |       |     5 |    12 ||    17
 Abil: Breathe Noxious F |       |       |     6 |     6 ||    12
       End Transformatio |       |       |     1 |     1 ||     2
  Use: Scroll            |     1 |     7 |    12 |     3 ||    23
       Potion            |       |     2 |     1 |       ||     3
 Stab: Sleeping          |       |     1 |       |       ||     1
       Confused          |       |       |     3 |     2 ||     5
Armor: Skin              |    24 |    67 |   105 |    48 ||   244
Dodge: Dodged            |    63 |   176 |   260 |    71 ||   570

Table legend: (Time is in decaauts)
 A = Elapsed time spent in this place.
 B = Non-inter-level travel time spent in this place.
 C = Inter-level travel time spent in this place.
 D = Time resting spent in this place.
 E = Time spent auto-exploring this place.
 F = Levels seen in this place.
 G = Mean time per level.
                   A        B        C        D        E       F      G
               +--------+--------+--------+--------+--------+-----+--------+
         Total |  14328 |  13830 |    498 |   4139 |   7688 |  11 | 1302.5 |
       Dungeon |  14328 |  13830 |    498 |   4139 |   7688 |  11 | 1302.5 |
               +--------+--------+--------+--------+--------+-----+--------+

Top non-repeatable levels by time:
     D:9: 1989 daAuts
    D:10: 1957 daAuts
     D:2: 1720 daAuts
     D:7: 1634 daAuts
     D:5: 1374 daAuts
     D:6: 1366 daAuts
     D:4: 1282 daAuts
     D:8: 966 daAuts
     D:1: 960 daAuts
     D:3: 824 daAuts
    D:11: 253 daAuts
